 Dungeon Crawl Stone Soup version 0.30.1-4-g462c640d31 (webtiles) character file.

Game seed: 14754712220047898036

127 spardeous the Conjurer (level 4, -18/33 HPs)
             Began as a Demigod Conjurer on Aug 28, 2023.
             Killed from afar by a steam dragon (20 damage)
             ... with a ball of steam
             ... on level 4 of the Dungeon.
             The game lasted 00:01:23 (3065 turns).

spardeous the Conjurer (Demigod Conjurer)           Turns: 3065, Time: 00:01:24

Health: -18/33     AC:  5    Str: 12    XL:     4   Next: 56%
Magic:  3/9        EV: 10    Int: 20    God:
Gold:   158        SH:  0    Dex: 12    Spells: 3/6 levels left

rFire   . . .        (no weapon)
rCold   . . .        (no shield)
rNeg    . . .        l - +0 ring mail
rPois   .            (no helmet)
rElec   .            (no cloak)
rCorr   .            (no gloves)
SInv    .            (no boots)
Will    .....        (no amulet)
Stlth   +            (no ring)
HPRegen 0.25/turn    (no ring)
MPRegen 0.11/turn

%: no passive effects
@: no status effects
A: high MP 1, forlorn, divine attributes
a: no special abilities


You were on level 4 of the Dungeon.
You visited 1 branch of the dungeon, and saw 4 of its levels.

You collected 158 gold pieces.

Inventory:

Armour
 a - a +0 robe
 l - a +0 ring mail (worn)
Jewellery
 m - a +5 ring of evasion
Wands
 i - a wand of roots (11)
Scrolls
 e - 2 scrolls of teleportation {unknown}
 f - a scroll of magic mapping {unknown}
 g - a scroll of vulnerability {unknown}
 j - a scroll of fog {unknown}
 k - a scroll of enchant weapon {unknown}
Potions
 b - a potion of magic
 c - a potion of attraction {unknown}
 d - a potion of degeneration {unknown}
 h - 2 potions of brilliance {unknown}
 n - a potion of curing {unknown}


   Skills:
 - Level 1.7 Dodging
 - Level 1.7 Stealth
 - Level 1.7 Spellcasting
 + Level 5.7 Conjurations


You had 3 spell levels left.
You knew the following spells:

 Your Spells              Type           Power      Damage    Failure   Level
a - Magic Dart            Conj           96%        1d7       3%          1
b - Searing Ray           Conj           48%        2d6       5%          2

Your spell library contained the following spells:

 Spells                   Type           Power      Damage    Failure   Level
 Dazzling Flash           Conj/Hex       26%        N/A       34%         3
 Fulminant Prism          Conj/Hex       6%         3d7       75%         4
 Iskenderun's Mystic Bla  Conj/Tloc      13%        2d5       75%         4


Dungeon Overview and Level Annotations

Branches:
Dungeon (4/15)
 Temple: D:4-7


Innate Abilities, Weirdness & Mutations

You have an increased reservoir of magic. (+10% MP)
You shall have no god before yourself.
Your divine heritage dramatically boosts your attributes as you level up.


Message History

Aiming: Searing Ray (safe; 5% risk of failure)
Press: ? - help, Shift-Dir - straight line, f - steam dragon
Aim: a steam dragon (79% to hit)
The searing ray hits the steam dragon.
The steam dragon is lightly wounded. (Press . to maintain the ray.)
The steam dragon breathes steam at you. The ball of steam hits you!!
Ouch! That really hurt!
* * * LOW HITPOINT WARNING * * *
You take 21 damage, and have 12/33 hp.
MASSIVE DAMAGE!!
You now have 7/9 mp.
You are engulfed in a cloud of scalding steam.
* * * LOW HITPOINT WARNING * * *
You now have 6/9 mp.
The searing ray misses the steam dragon.
You are engulfed in a cloud of scalding steam.
* * * LOW HITPOINT WARNING * * *
You take 3 damage, and have 9/33 hp.
You now have 5/9 mp.
The steam dragon attacks as you move away!
The steam dragon bites you!
* * * LOW HITPOINT WARNING * * *
The steam dragon closely misses you.
You take 7 damage, and have 2/33 hp.
MASSIVE DAMAGE!!
Casting: Searing Ray (safe; 5% risk of failure)
Confirm with . or Enter, or press ? or * to list all spells.
Aiming: Searing Ray (safe; 5% risk of failure)
Press: ? - help, Shift-Dir - straight line, f/p - steam dragon
Aim: a steam dragon (heavily wounded, 79% to hit)
Okay, then.
Casting: Searing Ray (safe; 5% risk of failure)
Confirm with . or Enter, or press ? or * to list all spells.
Aiming: Searing Ray (safe; 5% risk of failure)
Press: ? - help, Shift-Dir - straight line, f/p - steam dragon
Aim: a steam dragon (heavily wounded, 79% to hit)
The searing ray misses the steam dragon. (Press . to maintain the ray.)
The steam dragon breathes steam at you. The ball of steam hits you!!
Ouch! That really hurt!
You die...

#. ...# ##'## #. #..
....###...# #.
#.###.##.##..... # #.
#.#.#.##.#......
#...##.#######.....##.(†.....
....^........................
#....#.###§##.....###........
##. #§ ##.##..#.####.#......
.. #..D@.........##..... D.#
#..##.##.##..####...# #..
#..##.##.###.# ##'## #..
....##.#### #.# #.#
##.###.###.# #.# #.# #. #.#
#.# ##.## #. ... #.# ##...#
## #.# #.# #..... #.. ##...#


You could see a steam dragon (catching breath).

Vanquished Creatures
  An orc priest (D:3)
  A sleepcap (D:3)
  2 adders
  An ufetubus (D:4)
  A dart slug (D:3)
  3 orcs
  2 ball pythons
  4 endoplasms
  2 giant cockroaches (D:2)
  3 goblins (D:1)
  A hobgoblin (D:2)
  3 jackals (D:4)
  A quokka (D:2)
  9 bats
  2 frilled lizards
  5 kobolds (D:1)
  3 rats (D:2)
  A spectral orc (D:3)
45 creatures vanquished.

Notes
Turn   | Place    | Note
-------+----------+-------------------------------------------
     0 | D:1      | spardeous the Demigod Conjurer began the quest for the Orb.
     0 | D:1      | Reached XP level 1. HP: 14/14 MP: 5/5
   270 | D:1      | Reached skill level 4 in Conjurations
   360 | D:1      | Reached XP level 2. HP: 20/20 MP: 2/7
  1476 | D:2      | Reached XP level 3. HP: 26/26 MP: 2/8
  1874 | D:3      | Reached skill level 5 in Conjurations
  2250 | D:3      | Reached XP level 4. HP: 18/33 MP: 0/9
  2795 | D:3      | Learned a level 2 spell: Searing Ray
  3054 | D:4      | Noticed a steam dragon
  3065 | D:4      | Killed from afar by a steam dragon

Illustrated notes

Levels and vault maps discovered:
D:1:      scummos_arrival_gate, layout_loops_ring, dk_noncrumbling_2
D:2:      layout_loops_ring
D:3:      layout_basic, yredelemnul_forgotten_temple_becter, minmay_liquid_box
D:4:      layout_loops_corners, serial_aquarium, aquarium_bridge_square
          [aquarium_subvault_bridge, aquarium_subvault_bridge,
          aquarium_subvault_bridge, aquarium_subvault_bridge],
          aquarium_window_3, aquarium_window_2, aquarium_view_2e,
          aquarium_balcony_double_3

Skill      XL: |  1  2  3 |
---------------+----------+-----
Conjurations   | 4 5 |  5.7
Dodging        | |  1.7
Stealth        | |  1.7
Spellcasting   | |  1.7

Action                     |  1- 3 |  4- 6 || total
---------------------------+-------+-------++-------
  Melee: Unarmed           |     6 |     4 ||    10
   Cast: Magic Dart        |    78 |    15 ||    93
         Searing Ray       |       |     3 ||     3
 Armour: Robe              |     2 |       ||     2
         Ring mail         |     1 |     4 ||     5
  Dodge: Dodged            |    11 |     3 ||    14
